Map: Dusty Gorge

Players

theFool - Winner!

  • Race: Protoss Protoss
  • Spawn Location: 5:00

Mohamad - Winner!

  • Race: Terran Terran
  • Spawn Location: 3:00

MonstroTown

  • Race: Terran Terran
  • Spawn Location: 9:00

Michael

  • Race: Zerg Zerg
  • League: Gold
  • Spawn Location: 11:00

VOD

Have the link to the VOD?

Description

Time

  • Played on: Sept. 16, 2018, 4:27 p.m.
  • Length: 7:25
Show
View Real Time Build Order
Export as new Build Order

theFool Protoss - Winner!

Build Orders: Dark Templar Rush 

Get SALT Encoding   

  12  0:03  Probe  
  13  0:15  Pylon  
  13  0:21  Probe  
  14  0:34  Gateway  
  14  0:40  Assimilator  
  14  0:43  Probe  
  15  0:55  Probe  
  16  1:07  Probe, Assimilator  
  17  1:19  Probe  
  17  1:20  Pylon  
  17  1:23  Cybernetics Core  
  18  1:31  Probe  
  19  1:44  Probe  
  20  1:56  Warp Gate  
  20  2:04  Gateway  
  20  2:12  Twilight Council, Probe  
  21  2:19  Charge  
  21  2:33  Gateway  
  21  2:39  Pylon  
  21  2:43  Stalker  
  23  2:52  Stalker  
  25  3:07  Dark Shrine  
  25  3:18  Stalker  
  27  3:25  Gateway  
  27  3:28  Pylon  
  27  3:32  Stalker  
  29  3:46  Gateway  
  29  3:55  Pylon  
  29  4:09  Zealot x2  
  33  4:11  Zealot  
  35  4:33  Dark Templar  
  37  4:43  Dark Templar  
  37  4:44  Pylon  
  38  4:57  Stalker  
  38  4:58  Stalker  
  42  5:06  Zealot  
  44  5:07  Zealot  
  40  5:45  Dark Templar  
  40  5:47  Zealot x2  
  40  5:48  Zealot x2  
  48  6:27  Zealot  
  48  6:28  Zealot x2  
  48  6:32  Probe  
  55  6:41  Pylon  
  55  6:43  Pylon  
  51  7:05  Dark Templar x3  
  51  7:07  Zealot x2  
Show
View Real Time Build Order
Export as new Build Order

Mohamad Terran - Winner!

Build Orders:  

Get SALT Encoding   

  12  0:01  SCV  
  13  0:13  SCV  
  14  0:18  Supply Depot  
  14  0:25  SCV  
  15  0:40  SCV  
  16  0:43  Barracks  
  16  0:47  Refinery  
  16  0:52  SCV  
  17  1:04  SCV  
  18  1:12  Refinery  
  18  1:16  SCV  
  19  1:28  SCV  
  19  1:31  Supply Depot  
  20  1:40  SCV  
  20  1:46  Reaper  
  22  1:56  Orbital Command  
  22  1:57  Factory  
  22  2:24  SCV  
  22  2:27  Marine  
  24  2:36  SCV  
  25  2:45  Marine  
  25  2:48  SCV  
  27  2:56  Factory Tech Lab  
  27  3:01  SCV  
  27  3:02  Starport  
  27  3:03  Marine  
  27  3:04  Supply Depot  
  29  3:15  Barracks  
  29  3:21  Marine  
  29  3:26  Siege Tank, Supply Depot  
  33  3:47  Starport Tech Lab  
  33  3:52  Supply Depot  
  33  3:57  Marine  
  33  4:00  Siege Tank  
  37  4:06  Barracks Reactor  
  37  4:09  Raven  
  39  4:15  Marine  
  40  4:33  Marine  
  40  4:35  Siege Tank  
  44  4:50  Marine  
  45  4:53  Marine  
  45  4:54  Viking  
  48  5:06  Marine  
  49  5:08  Marine  
  49  5:11  Marine  
  49  5:12  Hellion  
  51  5:33  Hellion  
  53  5:43  Marine x2  
  55  6:02  Marine  
  55  7:06  Marine x3  
  63  7:20  Command Center  
Show
View Real Time Build Order
Export as new Build Order

MonstroTown Terran 

Build Orders:  

Get SALT Encoding   

  12  0:01  SCV  
  13  0:13  SCV  
  14  0:18  Supply Depot  
  14  0:25  SCV  
  15  0:39  SCV  
  16  0:43  Barracks  
  16  0:52  SCV  
  17  0:57  Barracks  
  17  1:10  SCV  
  18  1:27  Supply Depot  
  18  1:30  Marine  
  20  1:43  Orbital Command  
  19  1:56  Command Center  
  19  2:00  Marine  
  20  2:06  Refinery  
  20  2:12  SCV  
  20  2:14  Marine  
  21  2:28  SCV  
  22  2:32  Marine  
  22  2:33  Marine  
  24  2:38  Refinery, Barracks  
  24  2:45  SCV  
  25  2:54  Marine x2  
  27  3:09  SCV  
  27  3:10  Factory  
  27  3:11  Orbital Command  
  28  3:19  Barracks Tech Lab  
  28  3:21  SCV  
  29  3:27  Barracks Reactor  
  29  3:28  Marine  
  29  3:33  SCV  
  31  3:38  SCV  
  32  3:45  SCV  
  33  3:50  SCV  
  34  4:03  Engineering Bay  
  34  4:07  Marine  
  34  4:08  Marauder  
  34  4:09  Starport  
  37  4:14  Widow Mine  
  37  4:16  SCV  
  40  4:20  SCV  
  41  4:25  Supply Depot  
  41  4:31  Terran Infantry Weapons Level 1  
  41  4:34  Missile Turret  
  41  4:41  Marine  
  41  4:42  Marine  
  41  4:43  Marauder  
  45  4:48  Starport Tech Lab  
  47  4:53  Widow Mine, Marine  
  47  4:55  SCV x2  
  50  5:00  Supply Depot  
  50  5:01  Marine  
  51  5:09  Marine  
  42  5:28  Marine x2  
  42  5:46  Marine x2  
  42  5:49  SCV x2  
  45  6:01  SCV  
  27  6:26  Barracks  
Show
View Real Time Build Order
Export as new Build Order

Michael Zerg 

Build Orders: Hatch First 

Get SALT Encoding   

  12  0:01  Drone  
  13  0:13  Overlord  
  13  0:18  Drone  
  14  0:31  Drone x2  
  14  0:35  Drone  
  17  0:47  Drone  
  18  0:59  Hatchery  
  18  1:02  Drone  
  18  1:05  Extractor  
  17  1:18  Spawning Pool  
  17  1:21  Drone  
  17  1:25  Drone  
  18  1:29  Drone  
  19  1:39  Drone  
  20  1:49  Overlord  
  20  2:05  Queen  
  22  2:10  Metabolic Boost  
  22  2:12  Queen  
  22  2:14  Zergling x2  
  25  2:18  Zergling x2  
  25  2:21  Zergling x2  
  27  2:25  Drone  
  27  2:28  Drone  
  29  2:32  Extractor  
  29  2:33  Drone  
  29  2:37  Drone  
  30  2:50  Roach Warren  
  29  2:59  Queen  
  29  3:01  Drone  
  29  3:04  Drone  
  33  3:10  Overlord  
  33  3:16  Drone  
  33  3:17  Drone  
  35  3:26  Lair  
  35  3:31  Overlord  
  35  3:35  Drone  
  35  3:37  Drone  
  37  3:46  Drone x3  
  40  3:50  Drone x2  
  40  3:52  Drone  
  40  3:55  Drone  
  44  4:02  Spore Crawler  
  43  4:06  Spine Crawler  
  43  4:09  Drone  
  43  4:10  Drone x2  
  43  4:13  Drone  
  46  4:17  Extractor x2  
  46  4:22  Spore Crawler  
  43  4:25  Spore Crawler  
  43  4:27  Drone x2  
  43  4:29  Drone  
  45  4:37  Spine Crawler  
  44  4:41  Spine Crawler  
  44  4:43  Glial Reconstitution  
  43  4:48  Zergling x2  
  43  4:49  Zergling x4  
  43  4:56  Roach x2  
  43  4:58  Roach  
  49  5:01  Roach  
  49  5:06  Overlord  
  51  5:08  Overlord  
  51  5:21  Overlord x2  
  50  5:30  Roach x3  
  50  5:31  Roach x2  
  54  5:35  Zergling x2  
  54  5:36  Zergling x2  
  54  5:52  Overseer  
  54  5:53  Overseer  
  56  5:57  Roach x2  
  56  5:58  Roach  
  56  6:00  Hatchery  
  59  6:05  Roach x2  
  59  6:09  Roach  
  59  6:10  Roach  
  67  6:12  Zergling x2  
  67  6:15  Zergling x2  
  67  6:16  Zergling x2  
  70  6:19  Zergling x2  
  70  6:22  Roach  
  73  6:30  Roach x3  
  79  6:36  Zergling x4  
  81  6:44  Zergling x2  
  82  6:49  Roach  
  84  7:00  Overlord  
  84  7:01  Overlord  
Tags
 
Add a new tag
Caveats
  • Supply blocks, unpowered buildings, or Contaminate may cause inaccurate times.
  • Supply counts are checked every 10 seconds.